 Dungeon Crawl Stone Soup version 0.15.0-22-g71df38d (console) character file.

44968 gw the Severer (level 13, -3/127 HPs)
             Began as a Deep Dwarf Berserker on Sept 7, 2014.
             Was a High Priest of Trog.
             Slain by a 20-headed hydra (4 damage)
             ... on Level 8 of the Lair of Beasts.
             The game lasted 00:23:28 (19779 turns).

gw the Severer (Deep Dwarf Berserker)              Turns: 19779, Time: 00:23:28

HP  -3/127       AC 29     Str 19      XL: 13   Next: 99%
MP   5/5         EV  6     Int  7 (9)  God: Trog [*****.]
Gold 0           SH  0     Dex 16      Spells:  0 memorised, 12 levels left

rFire  + . .     SeeInvis +     r - +1 battleaxe (vamp)
rCold  . . .     Clarity  .     G - +2 plate armour {rF+}
rNeg   . . .     rCorr    +     (no shield)
rPois  .         rRot     .     x - +2 hat
rElec  .         Spirit   .     m - +0 cloak
SustAb .         Warding  .     F - +2 pair of gloves
rMut   .         Stasis   .     g - +2 pair of boots
Gourm  .                        H - amulet of resist corrosion
MR     +....                    s - ring of see invisible
                                a - ring of see invisible

@: non-regenerating, heavily drained, somewhat resistant to hostile
enchantments, extremely unstealthy
A: damage resistance, recharge devices, yellow scales 1, deterioration 1, sense
surroundings 2, slow healing 3, weak 1
a: Device Recharging, Burn Spellbooks, Berserk, Trog's Hand, Brothers in Arms,
Renounce Religion


You were on level 8 of the Lair of Beasts.
You worshipped Trog.
Trog was extremely pleased with you.
You were not hungry.

You visited 2 branches of the dungeon, and saw 19 of its levels.

Inventory:

Hand weapons
 r - a +1 vampiric battleaxe (weapon)
 v - a +2 triple crossbow of freezing
Missiles
 i - 4 bolts of flame
 q - 182 bolts
 w - 16 steel bolts
 L - 26 poisoned bolts
Armour
 g - a +2 pair of boots (worn)
 m - a +0 cloak (worn)
 x - a +2 hat (worn)
 F - a +2 pair of gloves (worn)
 G - a +2 plate armour of fire resistance (worn)
Magical devices
 c - a wand of heal wounds (3)
 d - a wand of slowing (0) {unknown}
 h - a wand of slowing (4) {unknown}
 k - a wand of enslavement (9)
 l - a wand of slowing (13) {unknown}
 o - a wand of slowing (11) {unknown}
 y - a wand of polymorph (7)
 z - a wand of disintegration (4)
 E - a wand of confusion (6)
 I - a wand of lightning (5)
 J - a wand of random effects (9)
 M - a wand of slowing (12) {unknown}
Comestibles
 f - 4 bread rations
 j - 13 meat rations
 p - 4 royal jellies
 u - 5 slices of pizza
 A - 5 beef jerkies
 C - 11 fruits
Scrolls
 b - 6 scrolls of remove curse
 e - 19 scrolls of identify
 K - a scroll of blinking
 N - a scroll of acquirement {unknown}
 O - a scroll of teleportation
Jewellery
 a - a ring of see invisible (left hand)
 s - a ring of see invisible (right hand)
 H - an amulet of resist corrosion (around neck)
Potions
 n - 3 potions of haste
 B - 2 potions of restore abilities
 D - 3 potions of curing


   Skills:
 + Level 11.1(9.3) Fighting
 * Level 17.4(15.4) Axes
 + Level 7.1(5.5) Crossbows
 + Level 12.9(11.1) Armour
 - Level 2.1(0.8) Dodging


You had 12 spell levels left.
You didn't know any spells.

Dungeon Overview and Level Annotations

Branches:
Dungeon (11/15)            Temple (0/1) D:5            Lair (8/8) D:11
  Swamp (0/5) Lair:4       Spider (0/5) Lair:3        Slime (0/6) Lair:6
    Orc: D:9-12

Altars:
Ashenzari
Cheibriados
Dithmenos
Makhleb
Nemelex Xobeh
Okawaru
Sif Muna
Vehumet
Xom
The Shining One

Shops:
D:9 ?

Annotations:
D:8 exclusion: downstairs
D:11 exclusion: ice statue


Innate Abilities, Weirdness & Mutations

You are resistant to damage.
You can recharge devices by infusing magical energy.
You passively map the area around you.
You do not heal naturally.
You are partially covered in yellow scales (AC +2).
Your body is slowly deteriorating.
You are weak. (Str -2)


Message History

The 20-headed hydra bites you but does no damage.
The 20-headed hydra closely misses you. The 20-headed hydra bites you!
The 20-headed hydra bites you but does no damage. x2
The 20-headed hydra bites you.
The 20-headed hydra bites you but does no damage.
The 20-headed hydra barely misses you. The 20-headed hydra bites you!
The 20-headed hydra bites you. The 20-headed hydra bites you!
The 20-headed hydra barely misses you. The 20-headed hydra bites you!
Use which ability? (? or * to list) Charge which item? (? for menu, Esc to quit)
Choose an item to recharge, or Esc to abort.
Charge which item? (? for menu, Esc to quit)
Your wand of heal wounds (0) glows for a moment and now has 3 charges.
The 20-headed hydra bites you but does no damage. x2
The 20-headed hydra completely misses you.
The 20-headed hydra bites you. The 20-headed hydra closely misses you.
The 20-headed hydra bites you!
The 20-headed hydra bites you but does no damage.
The 20-headed hydra bites you.
You die...

... , ,, , ###...... , ,
#P#....... , #.......... *
,, #P.......... * ,.
##PP......... , .
#...P........ * * ,.
#....D.....#,* *,.
#....g....#, *..
##........P# #.
#.......P### #.
####........### .. **
#[..........P.# #. , *
##............# #####. *
##..........### #.#.#. ,
P..........P##.########..P.
...........P.P.#..##.#.....


You could see a 20-headed hydra.

Table legend:
 A = Turns spent in this place as a percentage of turns spent in the entire game.
 B = Non-inter-level travel turns spent in this place as a percentage of non-inter-level travel turns spent in the entire game.
 C = Inter-level travel turns spent in this place as a percentage of turns spent in this place.
 D = Turns resting spent in this place as a percentage of non-inter-level travel turns spent in this place.
 E = Turns spent auto-exploring this place as a percentage of non-inter-level travel turns spent in this place.
 F = Non-inter-level travel turns spent in this place divided by the number of levels of this place that you've seen.
                   A       B       C       D       E      F
               +-------+-------+-------+-------+-------+----------------------
         Total | 100.0 | 100.0 |   0.3 |   1.0 |  11.4 | 519.2
       Dungeon |  57.3 |  57.3 |   0.3 |   1.2 |  10.8 | 513.5
          Lair |  42.7 |  42.7 |   0.2 |   0.8 |  12.3 | 527.1
               +-------+-------+-------+-------+-------+----------------------

Table legend:
 A = Kills in this place as a percentage of kills in entire the game.
 B = Kills by you in this place as a percentage of kills by you in the entire game.
 C = Kills by friends in this place as a percentage of kills by friends in the entire game.
 D = Other kills in this place as a percentage of other kills in the entire game.
 E = Experience gained in this place as a percentage of experience gained in the entire game.
 F = Experience gained in this place divided by the number of levels of this place that you have seen.
                   A       B       C       D       E      F
               +-------+-------+-------+-------+-------+----------------------
         Total | 100.0 | 100.0 | 100.0 |  -nan | 100.0 | 3381.1
       Dungeon |  46.1 |  45.8 |  55.0 |  -nan |  27.5 | 1605.5
          Lair |  53.9 |  54.2 |  45.0 |  -nan |  72.5 | 5822.6
               +-------+-------+-------+-------+-------+----------------------

Vanquished Creatures
  Gastronok (Lair:1)
  3 hydras
  The ghost of isthmus the Basher, an experienced MiAs of Okawaru (D:10)
  2 death yaks (Lair:7)
  Nergalle (Lair:8)
  An unseen horror (D:10)
  Erolcha (D:9)
  2 hill giants
  2 lindwurms (Lair:8)
  7 elephants
  An ugly thing (D:11)
  Joseph (Lair:1)
  2 torpor snails
  13 spiny frogs
  4 black mambas
  A tengu conjurer (D:11)
  2 item mimics
  8 fire drakes
  A troll (D:10)
  3 komodo dragons
  3 giant leeches
  2 boulder beetles (Lair:7)
  2 polar bears
  2 ravens (D:11)
  7 blink frogs
  7 basilisks
  33 yaks
  A spriggan (D:8)
  A hill giant zombie (D:8)
  A wraith (D:11)
  3 hungry ghosts
  2 wyverns
  2 wolves (Lair:8)
  A steam dragon (D:8)
  7 hippogriffs
  2 swamp worms (Lair:4)
  Edmund (D:4)
  13 water moccasins
  A phantom (D:7)
  10 porcupines
  4 orc warriors
  2 sky beasts
  2 necrophages
  4 centaurs
  5 ogres
  9 ice beasts
  Duvessa (D:4)
  5 brain worms (Lair:8)
  17 giant frogs
  12 crocodiles
  A cyclops zombie (D:9)
  A gnoll sergeant (D:9)
  An eye of draining (D:8)
  4 scorpions
  A water moccasin skeleton (D:6)
  6 killer bees
  8 crimson imps
  5 wights
  Dowan (D:4)
  A giant frog zombie (D:6)
  2 goliath beetles (D:6)
  15 jellies
  A quasit (D:8)
  A black bear zombie (D:8)
  7 iguanas
  6 orc priests
  4 orc wizards
  7 hounds
  7 spectral orcs (Lair:8)
  9 worker ants
  3 orange rats (Lair:8)
  25 sheep
  A killer bee zombie (D:7)
  An ogre zombie (D:8)
  An ogre skeleton (D:4)
  A hound skeleton (D:4)
  7 gnolls
  38 adders
  77 green rats
  2 giant mites
  3 shadow imps
  20 worms
  An iguana zombie (D:10)
  5 giant geckos
  An ooze (Lair:6)
  18 orcs
  6 ball pythons
  A giant mite zombie (D:5)
  12 goblins
  12 hobgoblins
  11 bats
  9 giant cockroaches
  4 giant newts
  2 jackals (D:3)
  9 kobolds
  An orc skeleton (D:6)
  18 quokkas
  14 rats
  2 ballistomycetes (D:11)
  19 fungi
  14 plants
645 creatures vanquished.

Vanquished Creatures (collateral kills)
  Psyche (D:9)
  Prince Ribbit (D:5)
  3 blink frogs (Lair:4)
  2 yaks (Lair:1)
  A deep elf mage (D:9)
  3 wolves (Lair:8)
  A water moccasin (Lair:8)
  A black bear (D:11)
  A scorpion (D:5)
  3 wights (D:11)
  3 spectral orcs (Lair:8)
  A worker ant (D:5)
  An adder (D:11)
  A bat (D:5)
23 creatures vanquished.

Vanquished Creatures (others)
  2 ogres
  A giant spore (D:11)
  3 fungi
  4 plants
10 creatures vanquished.

Grand Total: 678 creatures vanquished

Notes
Turn   | Place    | Note
--------------------------------------------------------------
     0 | D:1      | gw, the Deep Dwarf Berserker, began the quest for the Orb.
     0 | D:1      | Reached XP level 1. HP: 20/20 MP: 1/1
   238 | D:1      | Reached XP level 2. HP: 24/27 MP: 2/2
   738 | D:2      | Reached skill level 4 in Axes
   748 | D:2      | Acquired Trog's second power
   823 | D:2      | Reached XP level 3. HP: 34/34 MP: 3/3
  1038 | D:2      | Found an iron altar of Okawaru.
  1243 | D:2      | Reached XP level 4. HP: 40/42 MP: 4/4
  1408 | D:2      | Found a shimmering altar of Xom.
  1555 | D:2      | Found a sparkling altar of Nemelex Xobeh.
  1566 | D:2      | Gained mutation: Your body is slowly deteriorating. [potion of mutation]
  1566 | D:2      | Gained mutation: You are partially covered in yellow scales (AC +2). [potion of mutation]
  1566 | D:2      | Gained mutation: You are weak. (Str -2) [potion of mutation]
  1992 | D:3      | Found a snail-covered altar of Cheibriados.
  2036 | D:3      | Reached skill level 5 in Axes
  2327 | D:4      | Reached XP level 5. HP: 49/49 MP: 5/5
  2357 | D:4      | Noticed Dowan
  2358 | D:4      | Noticed Duvessa
  2380 | D:4      | Noticed an ogre
  2409 | D:4      | Noticed Edmund
  2449 | D:4      | Killed Duvessa
  2461 | D:4      | Killed Dowan
  2461 | D:4      | Reached XP level 6. HP: 29/57 MP: 6/6
  2526 | D:4      | Killed Edmund
  2526 | D:4      | Reached skill level 6 in Axes
  2766 | D:4      | Found a burning altar of Makhleb.
  2824 | D:4      | Reached XP level 7. HP: 60/64 MP: 6/6
  2981 | D:4      | Noticed an ogre
  3020 | D:4      | Killed an ogre
  3020 | D:4      | Reached skill level 7 in Axes
  3391 | D:4      | Killed an ogre
  3391 | D:4      | Reached skill level 5 in Armour
  3438 | D:4      | Acquired Trog's third power
  3509 | D:5      | Entered Level 5 of the Dungeon
  3814 | D:5      | Reached skill level 5 in Fighting
  3814 | D:5      | Reached skill level 8 in Axes
  3814 | D:5      | Reached XP level 8. HP: 70/74 MP: 7/7
  3903 | D:5      | Noticed Prince Ribbit
  3965 | D:5      | Killed Prince Ribbit
  4385 | D:5      | Found a staircase to the Ecumenical Temple.
  4423 | D:5      | Found a glowing golden altar of the Shining One.
  4423 | D:5      | Found a deep blue altar of Sif Muna.
  4602 | D:6      | Found a radiant altar of Vehumet.
  4708 | D:6      | Reached skill level 9 in Axes
  5121 | D:6      | Gained mutation: You passively map the area around you. [level up]
  5121 | D:6      | Reached XP level 9. HP: 51/82 MP: 7/7
  5855 | D:7      | Reached skill level 10 in Axes
  6439 | D:8      | Found a shattered altar of Ashenzari.
  6688 | D:8      | Found a shadowy altar of Dithmenos.
  6792 | D:8      | Reached skill level 11 in Axes
  7362 | D:9      | Reached XP level 10. HP: 94/94 MP: 7/7
  7390 | D:9      | Noticed Erolcha
  7402 | D:9      | Killed Erolcha
  7407 | D:9      | Noticed Psyche
  7410 | D:9      | Killed Psyche
  7410 | D:9      | Reached skill level 12 in Axes
  7835 | D:9      | Found Etaneaxu's Magic Scroll Shop.
  8331 | D:10     | Entered Level 10 of the Dungeon
  8422 | D:10     | Got a crude cloak
  8433 | D:10     | Identified the cursed -3 cloak of Miubud {Slay+4 Stlth+} (You found it on level 10 of the Dungeon)
  8691 | D:10     | Reached skill level 13 in Axes
  9289 | D:10     | Noticed an unseen horror
  9294 | D:10     | Killed an unseen horror
  9294 | D:10     | Reached XP level 11. HP: 103/103 MP: 8/8
  9427 | D:10     | Noticed isthmus' ghost (experienced MiAs)
  9436 | D:10     | Killed isthmus' ghost
  9585 | D:10     | Noticed a hill giant
  9601 | D:10     | Killed a hill giant
 10037 | D:11     | Noticed a hill giant
 10051 | D:11     | Killed a hill giant
 10051 | D:11     | Reached skill level 10 in Armour
 10308 | D:11     | Found a staircase to the Lair.
 10521 | D:11     | Found a shadowy altar of Dithmenos.
 10602 | D:11     | Reached skill level 14 in Axes
 10999 | D:11     | Noticed an ice statue
 11308 | Lair:1   | Entered Level 1 of the Lair of Beasts
 11378 | Lair:1   | Noticed an eight-headed hydra
 11392 | Lair:1   | Killed a 14-headed hydra
 11540 | Lair:1   | Noticed a six-headed hydra
 11561 | Lair:1   | Killed a 18-headed hydra
 11881 | Lair:1   | Noticed Joseph
 11893 | Lair:1   | Killed Joseph
 12090 | Lair:1   | Noticed Gastronok
 12107 | Lair:1   | Killed Gastronok
 12107 | Lair:1   | Reached skill level 15 in Axes
 12107 | Lair:1   | Reached XP level 12. HP: 115/115 MP: 9/9
 13017 | Lair:2   | Reached skill level 1 in Crossbows
 13086 | Lair:2   | Received a gift from Trog
 13452 | Lair:3   | Received a gift from Trog
 13543 | Lair:3   | Found a hole to the Spider Nest.
 13665 | Lair:3   | Found a labyrinth entrance.
 14656 | Lair:4   | Reached skill level 10 in Fighting
 14759 | Lair:4   | Found a staircase to the Swamp.
 14937 | Lair:4   | Reached skill level 16 in Axes
 15795 | Lair:5   | Received a gift from Trog
 15885 | Lair:5   | Received a gift from Trog
 16738 | Lair:6   | Reached XP level 13. HP: 103/124 MP: 10/10
 16985 | Lair:6   | Reached skill level 5 in Crossbows
 17197 | Lair:6   | Found a staircase to the Slime Pits.
 18113 | Lair:7   | Received a gift from Trog
 18595 | Lair:7   | Reached skill level 17 in Axes
 18673 | Lair:7   | HP: 1/126 [boulder beetle (25)]
 18820 | Lair:8   | Entered Level 8 of the Lair of Beasts
 19197 | Lair:8   | Received a gift from Trog
 19274 | Lair:8   | Lost intelligence.
 19494 | Lair:8   | Noticed Nergalle
 19533 | Lair:8   | Killed Nergalle
 19769 | Lair:8   | HP: 5/127 [19-headed hydra (8)]
 19769 | Lair:8   | HP: 1/127 [19-headed hydra (4)]
 19778 | Lair:8   | HP: 6/127 [20-headed hydra (7)]
 19779 | Lair:8   | HP: 1/127 [20-headed hydra (5)]
 19779 | Lair:8   | Slain by a 20-headed hydra

Action                   |  1- 3 |  4- 6 |  7- 9 | 10-12 | 13-15 || total
-------------------------+-------+-------+-------+-------+-------++-------
Melee: Hand axe          |   138 |   262 |   567 |       |       ||   967
       Battleaxe         |       |       |   249 |  1120 |   832 ||  2201
 Fire: Arbalest          |       |       |       |     2 |       ||     2
       Hand crossbow     |       |       |       |     2 |       ||     2
Invok: Trog's Hand       |     1 |     7 |     3 |    10 |     6 ||    27
       Berserk           |     1 |     1 |     4 |    15 |     4 ||    25
       Brothers in Arms  |       |       |     2 |     7 |     1 ||    10
 Abil: Device Recharging |       |     1 |     2 |       |     5 ||     8
Evoke: Wand              |       |     6 |    13 |    18 |    32 ||    69
  Use: Scroll            |     7 |     4 |    11 |     9 |     7 ||    38
       Potion            |     1 |     6 |     6 |     4 |     2 ||    19
 Stab: Distracted        |       |       |       |     1 |     1 ||     2
  Eat: Bread ration      |     2 |     1 |     1 |     4 |     1 ||     9
       Chunk             |     1 |     1 |    18 |    44 |    17 ||    81

Vault maps used:
D:1:      saegor_arrival_miasma
D:2:      lemuel_coloured_pillars_altar, nicolae_overflow_hidden_temple,
          okawaru_ov_weapons_minmay, kennysheep_generic_room_10
D:3:      cheibriados_altar_1, first_bread
D:4:      bloody_makhleb, minmay_snake_closets, uniq_edmund, uniq_duvessa
D:5:      gammafunk_temple_overflow_elements,
          minmay_temple_entry_statues_pillars, uniq_prince_ribbit1
D:6:      kennysheep_little_box, kennysheep_generic_room_7
D:7:      lemuel_bear_cage
D:8:      old_standard_altar, overflow_temple_1_default, the_bakery
D:9:      serial_shops, nicolae_shop_crystal, uniq_erolcha, uniq_psyche
D:11:     lemuel_ice_statue, due_lair_maze_entry_diamond,
          nicolae_dithmenos_the_darkroom
Lair:1:   uniq_joseph, uniq_gastronok
Lair:2:   grunt_megastairs_3
Lair:3:   spider_nest_entry_web_field, lab_entry_generic
Lair:4:   minmay_swamp_entry_worms
Lair:5:   serial_forest, infiniplex_forest_lined_3,
          infiniplex_forest_straight_4, infiniplex_forest_clump_large,
          infiniplex_forest_end_2, infiniplex_forest_corner_1,
          infiniplex_staircase_pool_2
Lair:6:   minmay_slime_entry_jelly_boxes
Lair:7:   boulder_dual_corridor_run
Lair:8:   wormcave, hangedman_lair_caniforms_friends, uniq_nergalle
